 Dungeon Crawl Stone Soup version 0.29-a0-919-gd064cfad1c (webtiles) character file.

Game seed: 7511040542179299400

5457 Hubris850 the Frost Mage (level 10, -2/76 HPs)
             Began as a Gnoll Ice Elementalist on July 26, 2022.
             Was a Follower of Okawaru.
             Slain by a seven-headed hydra (12 damage)
             ... on level 1 of the Lair of Beasts.
             The game lasted 00:34:11 (9813 turns).

Hubris850 the Frost Mage (Gnoll Ice Elementalist)   Turns: 9813, Time: 00:34:11

Health: -2/76      AC:  7    Str: 11    XL:     10   Next: 68%
Magic:  0/30       EV: 15    Int: 22    God:    Okawaru [*.....]
Gold:   479        SH:  0    Dex: 15    Spells: 8/24 levels left

rFire   . . .      SeeInvis .   b - +4 morningstar (vorpal)
rCold   . . .      Faith    .   (no shield)
rNeg    . . .      Spirit   +   i - +0 leather armour
rPois   .          Reflect  .   (no helmet)
rElec   +          Harm     .   j - +1 cloak
rCorr   .          Rampage  .   t - +0 pair of gloves
Will    .....                   (no boots)
Stlth   ++++......              y - amulet "Ucocob" {Spirit rElec Dex+3 Slay+2 Stlth+}
HPRegen 0.22/turn               m - ring of magical power
MPRegen 0.22/turn               x - +6 ring of intelligence

@: about to teleport
A: fangs 1, strong nose, distributed training
a: Renounce Religion, Heroism


You were on level 1 of the Lair of Beasts.
You worshipped Okawaru.
Okawaru was aware of your devotion.
You visited 3 branches of the dungeon, and saw 11 of its levels.

You collected 479 gold pieces.

Inventory:

Hand Weapons
 a - a +3 dagger of venom
 b - a +4 vorpal morningstar (weapon)
 f - a +3 dagger
 G - a +0 scimitar of flaming
Missiles
 d - 21 poisoned darts
 e - 2 boomerangs
 s - a silver boomerang
 w - 2 javelins
 B - 2 throwing nets
 I - 3 datura-tipped darts
 N - a curare-tipped dart
Armour
 i - a +0 leather armour (worn)
 j - a +1 cloak (worn)
 r - a +0 robe
 t - a +0 pair of gloves (worn)
 v - a scarf of invisibility
 L - the +1 cloak of Amaus {rElec Will- Int-3 Dex+8}
   (You found it on level 7 of the Dungeon)

   Int:       It affects your intelligence (-3).
   Dex:       It affects your dexterity (+8).
   rElec:     It insulates you from electricity.
   Will:      It decreases your willpower.
Jewellery
 c - an amulet of faith
 m - a ring of magical power (left hand)
 q - a ring of protection from cold
 x - a +6 ring of intelligence (right hand)
 y - the amulet "Ucocob" (around neck) {Spirit rElec Dex+3 Slay+2 Stlth+}
   (You acquired it on level 5 of the Dungeon)

   [amulet of guardian spirit]

   It causes incoming damage to be divided between your reserves of health and
   magic.
   Dex:       It affects your dexterity (+3).
   Slay:      It affects your accuracy & damage with ranged weapons and melee
   (+2).
   rElec:     It insulates you from electricity.
   Stlth:     It makes you more stealthy.
Wands
 l - a wand of flame (38)
 p - a wand of iceblast (10)
 D - a wand of polymorph (24)
Scrolls
 o - 2 scrolls of immolation
 A - a scroll of silence
 F - a scroll of enchant armour
 J - a scroll of brand weapon
Potions
 g - 2 potions of magic
 h - a potion of lignification
 k - a potion of brilliance
 n - a potion of cancellation {unknown}
 u - 3 potions of haste
 E - 3 potions of curing
 H - a potion of attraction {unknown}
 M - a potion of ambrosia {unknown}


   Skills:
 + Level 5.7 Fighting
 + Level 5.7 Short Blades
 + Level 5.7 Long Blades
 + Level 5.7 Axes
 + Level 5.7 Maces & Flails
 + Level 5.7 Polearms
 + Level 5.7 Staves
 + Level 5.7 Ranged Weapons
 + Level 5.7 Throwing
 + Level 5.7 Armour
 + Level 7.4 Dodging
 + Level 7.2 Stealth
 + Level 5.7 Shields
 + Level 5.7 Unarmed Combat
 + Level 7.7 Spellcasting
 + Level 4.7 Conjurations
 + Level 4.7 Hexes
 + Level 4.7 Summonings
 + Level 4.7 Necromancy
 + Level 4.7 Translocations
 + Level 4.7 Transmutations
 + Level 4.7 Fire Magic
 + Level 8.6 Ice Magic
 + Level 4.7 Air Magic
 + Level 4.7 Earth Magic
 + Level 4.7 Poison Magic
 + Level 6.3 Invocations
 + Level 5.7 Evocations


You had 8 spell levels left.
You knew the following spells:

 Your Spells              Type           Power      Damage    Failure   Level
a - Sticky Flame          Conj/Fire      29%        2d5       14%         4
b - Frozen Ramparts       Ice            92%        1d11      1%          3
c - Ozocubu's Armour      Ice            46%        N/A       1%          3
d - Mephitic Cloud        Conj/Pois/Air  29%        N/A       4%          3
e - Ignite Poison         Fire/Tmut/Pois 29%        N/A       4%          3

Your spell library contained the following spells:

 Spells                   Type           Power      Damage    Failure   Level
 Freeze                   Ice            100%       1d11      1%          1
 Slow                     Hex            100%       N/A       1%          1
 Scorch                   Fire           58%        2d7       1%          2
 Conjure Flame            Conj/Fire      29%        6-21      4%          3
 Gell's Gravitas          Tloc           29%        N/A       4%          3
 Portal Projectile        Hex/Tloc       58%        N/A       4%          3
 Teleport Other           Tloc           29%        N/A       4%          3
 Hailstorm                Conj/Ice       38%        3d9       6%          4
 Flame Wave               Conj/Fire      29%        2d9       14%         4
 Freezing Cloud           Conj/Ice/Air   17%        6-21      22%         5
 Blade Hands              Tmut           14%        N/A       36%         5
 Dispersal                Tloc           14%        N/A       91%         6
 Tukima's Dance           Hex            Unusable   N/A       N/A         3
 Summon Cactus Giant      Summ           Unusable   N/A       N/A         6

Dungeon Overview and Level Annotations

Branches:
Dungeon (9/15)             Temple (1/1) D:6            Lair (1/5) D:8
    Orc (0/2) D:9

Altars:
Elyvilon
Fedhas
Hepliaklqana
Kikubaaqudgha
Makhleb
Nemelex Xobeh
Okawaru
Qazlal
Ru
Wu Jian
Yredelemnul
Zin
The Shining One

Annotations:
D:8 1 runed translucent door, quixfox's ghost, novice GrEE


Innate Abilities, Weirdness & Mutations

You have very sharp teeth.
Your uncanny sense of smell can sniff out nearby items.
Your experience applies equally to all skills.


Message History

The seven-headed hydra closely misses you. x2
The seven-headed hydra barely misses you.
The seven-headed hydra bites you. x2
You sock the seven-headed hydra!
The seven-headed hydra is lightly wounded.
The seven-headed hydra bites you!
The seven-headed hydra bites you but does no damage.
The seven-headed hydra closely misses you.
The seven-headed hydra misses you. The seven-headed hydra bites you!
The seven-headed hydra bites you but does no damage.
The seven-headed hydra bites you!
A yak comes into view.
You thump the seven-headed hydra! You bite the seven-headed hydra.
The seven-headed hydra is moderately wounded.
The seven-headed hydra closely misses you.
The seven-headed hydra misses you. The seven-headed hydra bites you!
The seven-headed hydra bites you. The seven-headed hydra bites you!
The seven-headed hydra misses you. x2
Unknown command.
You hit the seven-headed hydra.
The seven-headed hydra is moderately wounded.
The seven-headed hydra bites you.
The seven-headed hydra bites you but does no damage.
The seven-headed hydra misses you. x2
The seven-headed hydra closely misses you.
The seven-headed hydra bites you.
* * * LOW HITPOINT WARNING * * *
The seven-headed hydra bites you!
* * * LOW HITPOINT WARNING * * *
You feel much better.
The seven-headed hydra bites you but does no damage. x2
The seven-headed hydra bites you! The seven-headed hydra misses you.
The seven-headed hydra bites you!
* * * LOW HITPOINT WARNING * * *
The seven-headed hydra bites you!
* * * LOW HITPOINT WARNING * * *
The seven-headed hydra bites you but does no damage.
As you read the scroll of teleportation, it crumbles to dust.
You feel strangely unstable. The seven-headed hydra bites you!
You die...

.......##...#####...........
............................
............................
............................
.#......Y...........(.......
..#.........................
#........Y...............<
#..######D###....#####.##.
#.. #####@###....#........
#. ##......##.............
.................#........
.##......##....#........
#########....#........
#....#........
.....##.#.....
...............
...............


You could see a seven-headed hydra and 2 yaks.

Vanquished Creatures
  Erica (D:8)
  A cyclops (D:7)
  Maurice (D:8)
  A hornet (D:9)
  Sigmund (D:2)
  A wyvern (D:8)
  A steam dragon (D:6)
  2 water moccasins (D:7)
  Duvessa (D:4)
  2 ice beasts
  An orc warrior (D:7)
  A black bear (Lair:1)
  An ogre (D:4)
  3 centaurs
  2 phantoms
  A necrophage (D:6)
  2 kobold brigands
  A gnoll sergeant (D:7)
  6 bullfrogs
  Dowan (D:4)
  7 wights (D:7)
  A killer bee (D:7)
  5 howler monkeys
  2 vampire bats (D:7)
  3 electric eels (D:7)
  A centaur zombie (D:4)
  2 orc priests (D:4)
  6 hounds
  A centaur skeleton (D:4)
  A gnoll bouda (D:5)
  2 jellies
  Jessica (D:3)
  3 iguanas
  An orc wizard (D:6)
  2 scorpion zombies (D:4)
  A hound zombie (D:4)
  11 adders
  10 gnolls
  A howler monkey skeleton (D:4)
  A shadow imp (D:7)
  A white imp (D:7)
  An ufetubus (D:6)
  An adder zombie (D:4)
  An adder skeleton (D:4)
  A worm (D:2)
  3 dart slugs
  21 orcs
  6 ball pythons
  A bat skeleton (D:7)
  5 bat zombies (D:7)
  4 endoplasms
  2 giant cockroaches
  8 goblins
  8 hobgoblins
  4 quokkas
  3 bats
  5 frilled lizards
  18 kobolds
  A quokka zombie (D:4)
  5 rats
192 creatures vanquished.

Vanquished Creatures (others)
  A white imp (D:7)
  4 fungi (D:2)
  4 plants (D:2)
  2 withered plants (D:4)
11 creatures vanquished.

Grand Total: 203 creatures vanquished

Notes
Turn   | Place    | Note
-------+----------+-------------------------------------------
     0 | D:1      | Hubris850 the Gnoll Ice Elementalist began the quest for
                  | the Orb.
     0 | D:1      | Reached XP level 1. HP: 13/13 MP: 6/6
   180 | D:1      | Reached XP level 2. HP: 19/19 MP: 4/7
   630 | D:1      | Reached skill level 5 in Spellcasting
   630 | D:1      | Reached XP level 3. HP: 25/25 MP: 7/9
   691 | D:1      | Learned a level 3 spell: Frozen Ramparts
   823 | D:1      | Learned a level 3 spell: Ozocubu's Armour
  1074 | D:2      | Reached skill level 1 in Invocations
  1205 | D:2      | Noticed Sigmund
  1230 | D:2      | Killed Sigmund
  1231 | D:2      | Reached skill level 1 in Fighting
  1231 | D:2      | Reached skill level 1 in Short Blades
  1231 | D:2      | Reached skill level 1 in Long Blades
  1231 | D:2      | Reached skill level 1 in Axes
  1231 | D:2      | Reached skill level 1 in Maces & Flails
  1231 | D:2      | Reached skill level 1 in Polearms
  1231 | D:2      | Reached skill level 1 in Staves
  1231 | D:2      | Reached skill level 1 in Ranged Weapons
  1231 | D:2      | Reached skill level 1 in Throwing
  1231 | D:2      | Reached skill level 1 in Armour
  1231 | D:2      | Reached skill level 1 in Shields
  1231 | D:2      | Reached skill level 1 in Unarmed Combat
  1231 | D:2      | Reached skill level 1 in Conjurations
  1231 | D:2      | Reached skill level 1 in Hexes
  1231 | D:2      | Reached skill level 1 in Summonings
  1231 | D:2      | Reached skill level 1 in Necromancy
  1231 | D:2      | Reached skill level 1 in Translocations
  1231 | D:2      | Reached skill level 1 in Transmutations
  1231 | D:2      | Reached skill level 1 in Fire Magic
  1231 | D:2      | Reached skill level 1 in Air Magic
  1231 | D:2      | Reached skill level 1 in Earth Magic
  1231 | D:2      | Reached skill level 1 in Poison Magic
  1231 | D:2      | Reached skill level 1 in Evocations
  1231 | D:2      | Reached XP level 4. HP: 9/33 MP: 11/11
  1231 | D:2      | Reached XP level 5. HP: 10/38 MP: 12/12
  1776 | D:2      | Found a faded altar of an unknown god.
  1783 | D:2      | Got Plato's Volume of Spellbinding
  1827 | D:2      | Reached XP level 6. HP: 42/44 MP: 13/13
  2138 | D:3      | Noticed Jessica
  2141 | D:3      | Killed Jessica
  2142 | D:3      | Reached skill level 5 in Dodging
  2823 | D:3      | Found a burning altar of Makhleb.
  3175 | D:3      | Reached XP level 7. HP: 28/50 MP: 15/15
  3465 | D:4      | Noticed Duvessa
  3465 | D:4      | Noticed Dowan
  3628 | D:4      | Killed Duvessa
  3640 | D:4      | Killed Dowan
  3641 | D:4      | Reached skill level 5 in Stealth
  3823 | D:4      | Found a basalt altar of Yredelemnul.
  3971 | D:4      | Reached XP level 8. HP: 58/58 MP: 16/16
  4411 | D:5      | Entered Level 5 of the Dungeon
  5146 | D:5      | Identified a scroll of acquirement
  5146 | D:5      | Acquired the amulet "Ucocob" {Spirit rElec Dex+3 Slay+2
                  | Stlth+}
  5410 | D:5      | Found an ornate altar of the Wu Jian Council.
  5682 | D:6      | Reached XP level 9. HP: 65/65 MP: 18/18
  5738 | D:6      | Found a staircase to the Ecumenical Temple.
  5829 | Temple   | Entered the Ecumenical Temple
  6228 | D:6      | Reached skill level 8 in Ice Magic
  6434 | D:7      | Found an ancient bone altar of Kikubaaqudgha.
  6744 | D:7      | Noticed a cyclops
  6777 | D:7      | Reached skill level 5 in Invocations
  6864 | D:7      | Killed a cyclops
  7087 | D:7      | Identified the +1 cloak of Amaus {rElec Will- Int-3 Dex+8}
  7482 | D:7      | Found an iron altar of Okawaru.
  7497 | D:7      | Became a worshipper of Warmaster Okawaru
  7512 | D:7      | Reached skill level 5 in Fighting
  7512 | D:7      | Reached skill level 5 in Short Blades
  7512 | D:7      | Reached skill level 5 in Long Blades
  7512 | D:7      | Reached skill level 5 in Axes
  7512 | D:7      | Reached skill level 5 in Maces & Flails
  7512 | D:7      | Reached skill level 5 in Polearms
  7512 | D:7      | Reached skill level 5 in Staves
  7512 | D:7      | Reached skill level 5 in Ranged Weapons
  7512 | D:7      | Reached skill level 5 in Throwing
  7512 | D:7      | Reached skill level 5 in Armour
  7512 | D:7      | Reached skill level 5 in Shields
  7512 | D:7      | Reached skill level 5 in Unarmed Combat
  7512 | D:7      | Reached skill level 5 in Evocations
  7512 | D:7      | Reached XP level 10. HP: 56/74 MP: 20/20
  8732 | D:8      | Learned a level 4 spell: Sticky Flame
  8882 | D:8      | Noticed Erica
  8891 | D:8      | Killed Erica
  9022 | D:8      | Found a sparkling altar of Nemelex Xobeh.
  9027 | D:8      | Learned a level 3 spell: Mephitic Cloud
  9031 | D:8      | Learned a level 3 spell: Ignite Poison
  9080 | D:8      | Noticed Maurice
  9092 | D:8      | Reached * piety under Okawaru
  9102 | D:8      | Killed Maurice
  9219 | D:8      | Found a staircase to the Lair.
  9466 | D:8      | Found a runed translucent door.
  9467 | D:8      | Noticed quixfox's ghost (novice GrEE)
  9467 | D:8      | Noticed a green ugly thing
  9703 | D:9      | Found a staircase to the Orcish Mines.
  9766 | Lair:1   | Entered Level 1 of the Lair of Beasts
  9799 | Lair:1   | Noticed a seven-headed hydra
  9813 | Lair:1   | Slain by a seven-headed hydra

Illustrated notes

Levels and vault maps discovered:
D:1:      saegor_arrival_simple_e, layout_loops_ring, serial_glass,
          glass_columns_c, glass_columns_c, nicolae_kite_square_tiling_tiny,
          minmay_pentomino_o4
D:2:      cheibrodos_old_hovel, layout_rooms,
          shapermc_ecumenical_altar_rom_forum, minmay_split_cup_small,
          uniq_sigmund
D:3:      layout_loops_ring, lemuel_round_altar, uniq_jessica
D:4:      layout_cave_pools, yredelemnul_altar_generic, serial_undead,
          serial_undead_d, serial_undead_b, serial_undead_c, serial_undead_c,
          uniq_duvessa
D:5:      layout_basic, kennysheep_little_box, minmay_door_square
D:6:      layout_loops_ring, minmay_temple_entry_glass, serial_bayou_crossing
D:7:      kennysheep_big_flooded_room, layout_basic, okawaru_gym_becter,
          kennysheep_vampire_church, serial_curves, eino_curves_01,
          eino_curves_02, eino_curves_02, grunt_tough_drop
D:8:      layout_loops_ring, nemelex_xobeh_ov_fountains_minmay,
          lair_entry_dummy, ebering_ghost_inner_flame, uniq_erica, uniq_maurice
D:9:      layout_cave_pools, kennysheep_mini_moat, lemuel_tele_altar,
          mainiacjoe_overflow_small_starburst, serial_column_ruins,
          column_ruins_hut_water, column_ruins_hut, column_ruins_open_tiny,
          column_ruins_columns_dead_end, column_ruins_open_tiny,
          column_ruins_corridor_straight, column_ruins_grid_3,
          dreamdust_wishing_well, introduction_to_nature_2
Temple:   hellmonk_temple_beads
Lair:1:   layout_regular_city, chequers_serial_rivers_room_b, roderic_batcave,
          guppyfry_lair_drakes

Skill      XL: |  1  2  3  4  5  6  7  8  9 10 |
---------------+-------------------------------+-----
Spellcasting   | 5 6 7 |  7.7
Invocations    | 2 3 4 5 6 |  6.3
Fighting       | 1 2 3 5 |  5.7
Short Blades   | 1 2 3 5 |  5.7
Long Blades    | 1 2 3 5 |  5.7
Axes           | 1 2 3 5 |  5.7
Maces & Flails | 1 2 3 5 |  5.7
Polearms       | 1 2 3 5 |  5.7
Staves         | 1 2 3 5 |  5.7
Ranged Weapons | 1 2 3 5 |  5.7
Throwing       | 1 2 3 5 |  5.7
Armour         | 1 2 3 5 |  5.7
Shields        | 1 2 3 5 |  5.7
Unarmed Combat | 1 2 3 5 |  5.7
Conjurations   | 1 2 3 4 |  4.7
Hexes          | 1 2 3 4 |  4.7
Summonings     | 1 2 3 4 |  4.7
Necromancy     | 1 2 3 4 |  4.7
Translocations | 1 2 3 4 |  4.7
Transmutations | 1 2 3 4 |  4.7
Fire Magic     | 1 2 3 4 |  4.7
Air Magic      | 1 2 3 4 |  4.7
Earth Magic    | 1 2 3 4 |  4.7
Poison Magic   | 1 2 3 4 |  4.7
Evocations     | 1 2 3 5 |  5.7
Dodging        | 5 6 7 |  7.4
Stealth        | 5 6 7 |  7.2
Ice Magic      | 8 |  8.6

Action                   |  1- 3 |  4- 6 |  7- 9 | 10-12 || total
-------------------------+-------+-------+-------+-------++-------
Melee: Dagger            |    54 |   116 |   355 |    98 ||   623
       Bite              |     1 |    19 |    42 |     8 ||    70
       Punch             |     1 |     4 |     9 |     6 ||    20
       Morningstar       |       |       |       |    28 ||    28
Throw: Dart              |     3 |       |     8 |     8 ||    19
       Boomerang         |       |       |    20 |       ||    20
       Throwing net      |       |       |       |     1 ||     1
 Cast: Freeze            |    13 |       |       |       ||    13
       Frozen Ramparts   |     3 |     3 |    15 |     2 ||    23
       Ozocubu's Armour  |       |     2 |    10 |     4 ||    16
Evoke: Wand              |       |       |     3 |       ||     3
  Use: Potion            |     2 |       |       |     4 ||     6
       Scroll            |       |     8 |     9 |     5 ||    22
 Stab: Sleeping          |     3 |     9 |     6 |     4 ||    22
       Distracted        |       |       |     1 |       ||     1
Armor: Leather armour    |    10 |    44 |   129 |    37 ||   220
       Robe              |     2 |       |       |       ||     2
       Skin              |       |       |       |    10 ||    10
Dodge: Dodged            |    28 |    76 |   255 |   108 ||   467

Table legend: (Time is in decaauts)
 A = Elapsed time spent in this place.
 B = Non-inter-level travel time spent in this place.
 C = Inter-level travel time spent in this place.
 D = Time resting spent in this place.
 E = Time spent auto-exploring this place.
 F = Levels seen in this place.
 G = Mean time per level.
                   A        B        C        D        E       F      G
               +--------+--------+--------+--------+--------+-----+--------+
         Total |   9752 |   9415 |    337 |   2786 |   4541 |  11 |  886.5 |
       Dungeon |   9518 |   9254 |    264 |   2786 |   4421 |   9 | 1057.6 |
        Temple |    186 |    114 |     72 |      0 |    107 |   1 |  186.0 |
          Lair |     47 |     47 |      0 |      0 |     13 |   1 |   47.0 |
               +--------+--------+--------+--------+--------+-----+--------+

Top non-repeatable levels by time:
     D:7: 1900 daAuts
     D:8: 1461 daAuts
     D:3: 1391 daAuts
     D:4: 1198 daAuts
     D:1: 1036 daAuts
     D:2: 983 daAuts
     D:5: 797 daAuts
     D:6: 695 daAuts
  Temple: 186 daAuts
     D:9: 53 daAuts
  Lair:1: 47 daAuts
